 Dungeon Crawl Stone Soup version 0.29.1-debian-1-gc3f1650bb9 (webtiles) character file.

Game seed: 3175691364155938919

1779 Flugkiller the Gusty (level 8, -2/56 HPs)
             Began as a Mummy Air Elementalist on Sept 13, 2022.
             Was a Believer of Sif Muna.
             Slain by a yak (8 damage)
             ... on level 6 of the Dungeon.
             The game lasted 00:08:18 (6279 turns).

Flugkiller the Gusty (Mummy Air Elementalist)       Turns: 6279, Time: 00:08:18

Health: -2/56      AC:  9    Str: 11    XL:     8   Next: 81%
Magic:  2/18       EV: 12    Int: 16    God:    Sif Muna [**....]
Gold:   428        SH:  0    Dex: 13    Spells: 11/21 levels left

rFire   x . .      SeeInvis .   h - +3 short sword
rCold   + . .      Faith    +   (no shield)
rNeg    + + +      Spirit   .   a - +0 robe
rPois   ∞          Reflect  .   (no helmet)
rElec   .          Harm     .   (no cloak)
rCorr   .          Rampage  .   (no gloves)
Will    +....                   j - +2 pair of boots
Stlth   ++........              (no amulet)
HPRegen 0.18/turn               p - +4 ring of protection
MPRegen 0.16/turn               (no ring)

@: about to teleport
A: cold resistance 1, negative energy resistance 3, torment resistance 2, heat
vulnerability 1, in touch with death 1, no potions, faith
a: Renounce Religion, Channel Magic


You were on level 6 of the Dungeon.
You worshipped Sif Muna.
Sif Muna was pleased with you.
You visited 1 branch of the dungeon, and saw 6 of its levels.
You also visited: Sewer.

You collected 428 gold pieces.

Inventory:

Hand Weapons
 b - a +1 sling of flaming
   (You found it on level 4 of the Dungeon)
 h - a +3 short sword (weapon)
   (You took it off a kobold on level 2 of the Dungeon)
 k - a +0 rapier
   (You took it off Eustachio on level 5 of the Dungeon)
Armour
 a - a +0 robe (worn)
 j - a +2 pair of boots (worn)
   (You found it on level 3 of the Dungeon)
Jewellery
 p - a +4 ring of protection (left hand)
   (You took it off an orc on level 6 of the Dungeon)
Scrolls
 c - 3 scrolls of poison
 d - 2 scrolls of fear
 e - a scroll of immolation
 g - 2 scrolls of enchant weapon
 i - a scroll of magic mapping
 r - 6 scrolls of identify
 t - 3 scrolls of teleportation


   Skills:
 - Level 2.0 Fighting
 - Level 1.5 Dodging
 - Level 1.5 Stealth
 - Level 7.0 Spellcasting
 - Level 3.0 Conjurations
 + Level 7.4 Air Magic
 - Level 3.0 Invocations


You had 11 spell levels left.
You knew the following spells:

 Your Spells              Type           Power      Damage    Failure   Level
a - Shock                 Conj/Air       88%        1d8       1%          1
b - Static Discharge      Conj/Air       44%        3-6/arc   2%          2
c - Airstrike             Air            14%        2d(3-19)  6%          4
w - Swiftness             Air            29%        N/A       1%          3

Your spell library contained the following spells:

 Spells                   Type           Power      Damage    Failure   Level
 Blink                    Tloc           10%        N/A       19%         2
 Lesser Beckoning         Tloc           5%         N/A       36%         3
 Tukima's Dance           Hex            5%         N/A       36%         3
 Manifold Assault         Tloc           5%         N/A       77%         4
 Passage of Golubria      Tloc           5%         N/A       77%         4
 Petrify                  Tmut/Erth      5%         N/A       77%         4
 Irradiate                Conj/Tmut      5%         3d13      88%         5
 Yara's Violent Unravell  Hex/Tmut       2%         3d3       98%         5
 Sublimation of Blood     Necr           Unusable   N/A       N/A         2

Dungeon Overview and Level Annotations

Branches:
Dungeon (6/15) Zot: 25976   Sewer (visited)
 Temple: D:4-7

Altars:
Cheibriados
Nemelex Xobeh
Okawaru
Ru
Sif Muna
Uskayaw
Wu Jian
Xom

Shops:
D:2 ?

Annotations:
D:4 2 transporters, Anon1729's ghost, amateur KoAE


Innate Abilities, Weirdness & Mutations

You are immune to poison.
Your flesh is cold resistant. (rC+)
You are immune to negative energy. (rN+++)
You are immune to unholy pain and torment.
You are vulnerable to heat. (rF-)
You are in touch with the powers of death.
You do not drink.
You have a special connection with the divine. (Faith)


Message History

You start resting.
HP restored.
Things that are here:
a +0 flail; an orc corpse
Found 4 stones.
Magic restored.
A yak and a centaur come into view.
There are monsters nearby!
A yak comes into view.
Casting: Shock (safe; 1% risk of failure)
Confirm with . or Enter, or press ? or * to list all spells.
The centaur is struck by an arc of lightning!
The centaur shouts!
The centaur is moderately wounded.
You are struck by an arc of lightning.
The centaur is struck by an arc of lightning.
The centaur is heavily wounded.
The lightning grounds out.
The yak bellows!
You hear a bellow! x2
A yak comes into view. x2
The centaur barely misses you.
The centaur kicks you but does no damage.
Casting: Static Discharge (safe; 2% risk of failure)
Confirm with . or Enter, or press ? or * to list all spells.
The centaur is struck by an arc of lightning!
The centaur is almost dead.
You are struck by an arc of lightning.
The lightning grounds out.
The yak bellows!
You hear a bellow!
The centaur hits you but does no damage.
The centaur barely misses you.
The centaur hits you but does no damage.
The centaur barely misses you.
Casting: Static Discharge (safe; 2% risk of failure)
Confirm with . or Enter, or press ? or * to list all spells.
The centaur is struck by an arc of lightning!
You kill the centaur!
Sif Muna accepts your kill.
The yak is struck by an arc of lightning.
The yak is lightly wounded.
Training target 7.0 for Spellcasting reached!
Your Spellcasting skill increases to level 7!
You hit the yak.
The yak is lightly wounded.
The yak gores you!
You barely miss the yak.
The yak is lightly wounded.
The yak gores you!
Casting: Static Discharge (safe; 2% risk of failure)
Confirm with . or Enter, or press ? or * to list all spells.
The yak is struck by an arc of lightning.
The yak is moderately wounded.
You are struck by an arc of lightning.
The yak is struck by an arc of lightning.
The yak is moderately wounded.
You are struck by an arc of lightning.
The lightning grounds out.
The yak gores you.
Casting: Static Discharge (safe; 2% risk of failure)
Confirm with . or Enter, or press ? or * to list all spells.
The yak is struck by an arc of lightning.
The yak is heavily wounded.
The yak is struck by an arc of lightning.
The yak is lightly wounded.
The lightning grounds out.
Casting: Static Discharge (safe; 2% risk of failure)
Confirm with . or Enter, or press ? or * to list all spells.
The yak is struck by an arc of lightning.
The yak is moderately wounded.
You are struck by an arc of lightning.
The lightning grounds out.
Casting: Static Discharge (safe; 2% risk of failure)
Confirm with . or Enter, or press ? or * to list all spells.
The yak is struck by an arc of lightning.
The yak is moderately wounded.
The yak is struck by an arc of lightning!
The yak is severely wounded.
The lightning grounds out.
The yak misses you.
A yak comes into view.
Casting: Static Discharge (safe; 2% risk of failure)
Confirm with . or Enter, or press ? or * to list all spells.
The yak is struck by an arc of lightning!
The yak is heavily wounded.
You are struck by an arc of lightning.
* * * LOW HITPOINT WARNING * * *
The yak is struck by an arc of lightning!
The yak is severely wounded.
The lightning grounds out.
The yak bellows!
You hear a bellow!
The yak gores you.
* * * LOW HITPOINT WARNING * * *
As you read the scroll of teleportation, it crumbles to dust.
You feel strangely unstable. The yak gores you.
* * * LOW HITPOINT WARNING * * *
A yak comes into view.
Casting: Static Discharge (safe; 2% risk of failure)
Confirm with . or Enter, or press ? or * to list all spells.
The yak is struck by an arc of lightning.
The yak is almost dead.
You are struck by an arc of lightning.
* * * LOW HITPOINT WARNING * * *
The lightning grounds out.
The yak gores you!
You die...

# ## ##.#### . #.#
##. ######### #.# .Y
#.......# #.#
####Y### #....)..#
#.# ......##
#..###.)###.# #..).#
#..#...).)..#
#(YY####..#.#..#####
###YYY@........#
#.############ ...#
#####


You could see 5 yaks.

Vanquished Creatures
  Grinder (D:6)
  Sigmund (D:6)
  Eustachio (D:5)
  Edmund (D:5)
  Duvessa (D:6)
  A black bear (D:5)
  An ice beast (D:5)
  An ogre (D:6)
  A centaur (D:6)
  A phantom (D:4)
  A necrophage (D:6)
  A scorpion (D:5)
  Dowan (D:6)
  A howler monkey (D:5)
  4 hounds
  A jelly (D:6)
  An orc wizard (D:6)
  An iguana (D:5)
  A hell rat (Sewer)
  9 adders
  3 river rats
  A white imp (D:5)
  2 worms (D:4)
  3 dart slugs
  11 orcs
  6 ball pythons
  13 endoplasms
  3 giant cockroaches
  9 hobgoblins
  2 jackals (D:1)
  2 kobolds
  4 quokkas
  9 bats
  8 frilled lizards
  9 goblins
  13 rats
129 creatures vanquished.

Vanquished Creatures (others)
  13 plants (D:5)
13 creatures vanquished.

Grand Total: 142 creatures vanquished

Notes
Turn   | Place    | Note
-------+----------+-------------------------------------------
     0 | D:1      | Flugkiller the Mummy Air Elementalist began the quest for
                  | the Orb.
     0 | D:1      | Reached XP level 1. HP: 13/13 MP: 4/4
   283 | D:1      | Reached skill level 1 in Conjurations
   301 | D:1      | Reached XP level 2. HP: 10/19 MP: 0/6
   995 | D:1      | Gained mutation: You are in touch with the powers of death.
                  | [Mummy growth]
   995 | D:1      | Reached XP level 3. HP: 24/24 MP: 1/8
  1089 | D:1      | Learned a level 2 spell: Static Discharge
  1397 | D:2      | Found Cownan's Magic Scroll Shoppe.
  1810 | D:2      | Reached XP level 4. HP: 30/30 MP: 1/10
  2238 | D:3      | Found a snail-covered altar of Cheibriados.
  2712 | D:3      | Reached XP level 5. HP: 35/35 MP: 6/11
  2935 | D:3      | Found a shimmering blue altar of Sif Muna.
  3017 | D:4      | Noticed a phantom
  3024 | D:4      | Killed a phantom
  3067 | D:3      | Became a worshipper of Sif Muna the Loreminder
  3223 | D:4      | Found a sparkling altar of Nemelex Xobeh.
  3223 | D:4      | Found a sacrificial altar of Ru.
  3278 | D:4      | Found a transporter.
  3281 | D:4      | Noticed Anon1729's ghost (amateur KoAE)
  3309 | D:4      | Found an ornate altar of the Wu Jian Council.
  3309 | D:4      | Found an iron altar of Okawaru.
  3355 | D:4      | Reached * piety under Sif Muna
  3359 | D:4      | Found a glowing drain.
  3416 | Sewer    | Entered a sewer
  3424 | Sewer    | Reached XP level 6. HP: 30/41 MP: 5/12
  3509 | Sewer    | Learned a level 3 spell: Swiftness
  3514 | Sewer    | Learned a level 4 spell: Airstrike
  3803 | D:4      | Found a transporter.
  4062 | D:5      | Entered Level 5 of the Dungeon
  4141 | D:5      | Reached skill level 5 in Air Magic
  4209 | D:5      | Found a hide-covered altar of Uskayaw.
  4245 | D:5      | Noticed an ice beast
  4252 | D:5      | Killed an ice beast
  4253 | D:5      | Reached skill level 1 in Fighting
  4350 | D:5      | Reached XP level 7. HP: 48/48 MP: 8/13
  4430 | D:5      | Reached skill level 5 in Spellcasting
  4508 | D:5      | Noticed Edmund
  4545 | D:5      | HP: 1/48 [Edmund/+2 flail of holy wrath (3)]
  4560 | D:5      | Killed Edmund
  4862 | D:5      | Noticed Eustachio
  4875 | D:5      | Killed Eustachio
  5271 | D:6      | Noticed Dowan
  5273 | D:6      | Noticed Duvessa
  5294 | D:6      | Noticed Grinder
  5305 | D:6      | Killed Grinder
  5306 | D:6      | Reached XP level 8. HP: 35/54 MP: 5/17
  5600 | D:6      | Noticed Sigmund
  5603 | D:6      | Killed Sigmund
  5604 | D:6      | Reached skill level 1 in Invocations
  5722 | D:6      | Killed Duvessa
  5827 | D:6      | Killed Dowan
  6033 | D:6      | Reached ** piety under Sif Muna
  6165 | D:6      | Found a shimmering altar of Xom.
  6279 | D:6      | Slain by a yak

Illustrated notes

Levels and vault maps discovered:
D:1:      nzn_arrival_settlement, layout_loops_ring
D:2:      layout_basic, serial_shops, shop, nrook_mini_vaults,
          minmay_misc_feat_four_crosses, minmay_box_of_dots
D:3:      layout_basic, mainiacjoe_overflow_alcove_2,
          mainiacjoe_overflow_brackets
D:4:      layout_cave_pools, mainiacjoe_overflow_divided_tiny,
          gammafunk_temple_overflow_wave, gammafunk_ghost_mausoleum,
          portal_sewer_entry_b
D:5:      cheibrodos_quashed, layout_rooms, lemuel_crystal_altar, serial_bayou,
          serial_bayou_pond_a, serial_bayou_pond_b, serial_bayou_lagoon_b,
          serial_bayou_shore_b, uniq_eustachio, uniq_edmund
D:6:      layout_loops_cross, kennysheep_mini, mainiacjoe_overflow_alcove_1,
          uniq_duvessa, uniq_grinder, uniq_sigmund

Skill      XL: |  1  2  3  4  5  6  7  8 |
---------------+-------------------------+-----
Spellcasting   | 3 4 6 7 |  7.0
Conjurations   | 1 2 3 |  3.0
Air Magic      | 3 4 5 6 7 |  7.4
Fighting       | 1 2 |  2.0
Invocations    | 3 |  3.0
Dodging        | |  1.5
Stealth        | |  1.5

Action                   |  1- 3 |  4- 6 |  7- 9 || total
-------------------------+-------+-------+-------++-------
Melee: Unarmed           |    15 |       |       ||    15
       Dagger            |    20 |       |       ||    20
       Short sword       |     9 |    56 |    54 ||   119
       Punch             |       |     1 |       ||     1
 Cast: Shock             |    87 |    82 |    66 ||   235
       Static Discharge  |     1 |    25 |    28 ||    54
       Airstrike         |       |       |     8 ||     8
  Use: Scroll            |       |     8 |     2 ||    10
 Stab: Sleeping          |       |     1 |       ||     1
Armor: Robe              |    24 |    17 |    23 ||    64
Dodge: Dodged            |    47 |    47 |    47 ||   141
